 Dungeon Crawl Stone Soup version 0.23-a0-414-g0aa8dd0f38 (console) character file.

543 Gottschkopf the Changer (level 7, -29/52 HPs)
             Began as a Yellow Draconian Transmuter on Nov 9, 2018.
             Engulfed by a cloud of freezing vapour (42 damage)
             ... on level 5 of the Dungeon.
             The game lasted 00:11:04 (3790 turns).

Gottschkopf the Changer (DrTm)                      Turns: 3790, Time: 00:11:05

Health: -29/52     AC: 10    Str: 12    XL:     7   Next: 6%
Magic:  10/10      EV: 12    Int: 16    God:
Gold:   340        SH:  0    Dex: 11    Spells: 6/10 levels left

rFire    . . .     SeeInvis .     - Unarmed
rCold    . . .     Gourm    .   (no shield)
rNeg     . . .     Faith    .   (armour unavailable)
rPois    .         Spirit   .   (helmet restricted)
rElec    .         Reflect  .   (no cloak)
rCorr    +         Harm     .   (no gloves)
MR       .....                  (no boots)
Stlth    +.........             (no amulet)
HPRegen  0.17/turn              f - +4 ring of protection
MPRegen  0.12/turn              (no ring)

@: slowed, very slow
A: spit acid, acid resistance, unfitting armour, cold-blooded, AC +6
a: Breathe Acid


You were on level 5 of the Dungeon.
You were near starving.

You visited 1 branch of the dungeon, and saw 5 of its levels.

You collected 340 gold pieces.

Inventory:

Missiles
 a - 49 arrows
Jewellery
 f - a +4 ring of protection (left hand)
Wands
 q - a wand of enslavement (5)
Scrolls
 b - a scroll of teleportation
 h - 2 scrolls of fog
 n - 2 scrolls of enchant armour {unknown}
 o - 4 scrolls of fear
 p - a scroll of remove curse {unknown}
Potions
 d - a potion of brilliance {unknown}
 e - a potion of lignification {unknown}
 i - 2 potions of flight
 j - 4 potions of curing
 k - a potion of agility {unknown}
 l - a potion of magic {unknown}
 r - a potion of might
Comestibles
 c - 8 rations


   Skills:
 - Level 1.1 Fighting
 - Level 1.7 Dodging
 - Level 3.0 Unarmed Combat
 - Level 2.0 Spellcasting
 + Level 7.8 Transmutations


You had 6 spell levels left.
You knew the following spells:

 Your Spells              Type           Power        Failure   Level  Hunger
a - Beastly Appendage     Tmut           ####..       1%          1    #......
b - Spider Form           Tmut/Pois      ##........   13%         3    ###....

Your spell library contained the following spells:

 Spells                   Type           Power        Failure   Level  Hunger
 Sticks to Snakes         Tmut           ####....     1%          2    ###....
 Animate Skeleton         Necr           N/A          21%         1    #......
 Apportation              Tloc           #.....       21%         1    #......
 Confusing Touch          Hex            #.....       21%         1    #......
 Magic Dart               Conj           #...         21%         1    #......
 Summon Small Mammal      Summ           #...         21%         1    #......
 Blade Hands              Tmut           ####......   24%         5    ######.
 Blink                    Tloc           N/A          30%         2    ###....
 Call Imp                 Summ           #.......     30%         2    ###....
 Slow                     Hex            #.......     30%         2    ###....
 Ice Form                 Ice/Tmut       ##......     38%         4    #####..
 Conjure Flame            Conj/Fire      #.......     52%         3    ###....
 Mephitic Cloud           Conj/Pois/Air  #.......     52%         3    ###....


Dungeon Overview and Level Annotations

Branches:
Dungeon (5/15)
 Temple: D:4-7

Altars:
Ashenzari
Vehumet
Beogh

Annotations:
D:5 Pikel


Innate Abilities, Weirdness & Mutations

You can spit globs of acid.
You are resistant to acid.
Your golden yellow scales are hard. (AC +6)
You cannot fit into any form of body armour.
You are cold-blooded and may be slowed by cold attacks.


Message History

You start resting.
You are near starving!
There is an escape hatch in the floor here.
You slide downwards.
The hatch slams shut behind you.
You hear the sound of rushing water.
There is an entrance to a sewer on this level.
Hurry and find it before the Level annotation: Pikel You hear the brisk rusting of a very distant drain.
Found 58 gold pieces.
Found a stone staircase leading up.
Found 8 gold pieces.
Found 16 stones.
You open the door.
Really walk into a travel-excluded area?
There is an open door here.
You are engulfed in freezing vapours.
You are engulfed in freezing vapours.
You feel yourself slow down.
* * * LOW HITPOINT WARNING * * *
You are engulfed in freezing vapours.
Ouch! That really hurt!
You die...

...............##
.......#.......(#
........###.....#
........# #.....#
........###.....#
#######.##......#
#.##.###########
#.##'###########
#.#...§@§§§§§§§§
#.############## .
#.#$$$$$§§§§§§§§
....##.##############
....<...............Z.
.....########.########
#### #.# #.#


You could see a ball python skeleton.

Vanquished Creatures
  An ogre (D:4)
  A hound (D:4)
  2 orc priests
  2 orc wizards (D:4)
  Jessica (D:2)
  Natasha (thrice) (D:2)
  2 worker ants (D:4)
  7 adders
  5 worms
  3 dart slugs
  5 leopard geckos
  11 orcs
  A ball python (D:4)
  6 giant cockroaches
  8 goblins
  4 hobgoblins
  2 jackals (D:4)
  A quokka (D:2)
  A bat (D:1)
  6 frilled lizards
  4 kobolds
  A quokka skeleton (D:4)
  5 rats
82 creatures vanquished.

Notes
Turn   | Place    | Note
-------+----------+-------------------------------------------
     0 | D:1      | Gottschkopf the Draconian Transmuter began the quest for
                  | the Orb.
     0 | D:1      | Reached XP level 1. HP: 16/16 MP: 3/3
   217 | D:1      | Reached XP level 2. HP: 18/23 MP: 3/5
   391 | D:1      | Reached skill level 3 in Transmutations
   622 | D:2      | Reached XP level 3. HP: 28/28 MP: 4/6
   627 | D:2      | Learned a level 3 spell: Spider Form
   638 | D:2      | Noticed Jessica
   646 | D:2      | Killed Jessica
   646 | D:2      | Reached skill level 4 in Transmutations
   862 | D:2      | Noticed Natasha
   888 | D:2      | Reached XP level 4. HP: 31/35 MP: 5/7
   902 | D:2      | Killed Natasha
   923 | D:2      | Noticed Natasha
   927 | D:2      | Killed Natasha
   927 | D:2      | Reached skill level 5 in Transmutations
  1312 | D:2      | Noticed Natasha
  1318 | D:2      | Killed Natasha
  1318 | D:2      | Reached XP level 5. HP: 40/40 MP: 4/8
  1511 | D:3      | Found a radiant altar of Vehumet.
  1829 | D:3      | Reached skill level 6 in Transmutations
  1857 | D:3      | Found a shattered altar of Ashenzari.
  2385 | D:4      | Reached XP level 6. HP: 30/47 MP: 9/9
  2800 | D:4      | Reached skill level 7 in Transmutations
  3110 | D:4      | Found a roughly hewn altar of Beogh.
  3205 | D:4      | Your scales start taking on a golden yellow colour.
  3205 | D:4      | Reached XP level 7. HP: 51/52 MP: 8/10
  3535 | D:5      | Entered Level 5 of the Dungeon
  3543 | D:5      | Noticed Pikel
  3790 | D:5      | Engulfed by a cloud of freezing vapour

Vault maps used:
D:1:      dpeg_arrival_rhombus
D:2:      uniq_jessica, uniq_natasha
D:3:      overflow_temple_1_default, ashenzari_altar_1
D:4:      grunt_decor_one_mirror, grunt_ministairs_5,
          chequers_serial_rivers_small_b, minmay_misc_feat_rows,
          kennysheep_orc_chapel
D:5:      lemuel_ice_spiral_2, minmay_temple_entry_glass,
          cheibrodos_sewer_entry_bend, first_ration, uniq_pikel, uniq_eustachio,
          uniq_grinder

Skill      XL: |  1  2  3  4  5  6 |
---------------+-------------------+-----
Transmutations | 3 4 5 6 7 |  7.8
Fighting       | |  1.1
Dodging        | |  1.7
Unarmed Combat | |  3.0
Spellcasting   | |  2.0

Action                   |  1- 3 |  4- 6 |  7- 9 || total
-------------------------+-------+-------+-------++-------
Melee: Unarmed           |   103 |   221 |    31 ||   355
       Kick              |    10 |    10 |       ||    20
       Tailslap          |     9 |    17 |     1 ||    27
       Punch             |     2 |     1 |       ||     3
       Headbutt          |     2 |     7 |     3 ||    12
 Cast: Beastly Appendage |    20 |    26 |     5 ||    51
       Spider Form       |     1 |    11 |     1 ||    13
  Use: Scroll            |       |     8 |       ||     8
       Potion            |       |       |     1 ||     1
  Eat: Chunk             |     1 |     9 |     1 ||    11
Armor: Skin              |    20 |    67 |    11 ||    98
Dodge: Dodged            |    66 |   123 |    47 ||   236

Table legend:
 A = Non-vault XP
 B = Vault XP
 C = Vault XP percentage of total XP
 D = Non-vault monster count
 E = Vault monster count
 F = Vault count percentage of total count
                 A         B        C        D         E       F
            +---------+---------+-------+---------+---------+-------
      Total |     619 |     157 |  20.2 |      76 |       6 |   7.3
            +---------+---------+-------+---------+---------+-------
        D:1 |      25 |       0 |   0.0 |      13 |       0 |   0.0
        D:2 |     141 |      73 |  34.1 |      20 |       2 |   9.1
        D:3 |     114 |       0 |   0.0 |      24 |       0 |   0.0
        D:4 |     339 |      84 |  19.9 |      19 |       4 |  17.4
            +---------+---------+-------+---------+---------+-------
